 Dungeon Sprint DCSS version 0.30-a0-578-gdee14c521f (webtiles) character file.

Game seed: 3289714564862562783

111449 mhtbhm the Hoplite (level 16, -1/114 HPs)
             Began as a Gargoyle Fighter on Dec 31, 2022.
             Was the Champion of Qazlal.
             Slain by a demonic crawler (18 damage)
             ... in the Dungeon (Sprint V: "Ziggurat Sprint").
             The game lasted 00:18:35 (2225 turns).

mhtbhm the Hoplite (Gargoyle Fighter)               Turns: 2225, Time: 00:18:36

Health: -1/114     AC: 55    Str: 35    XL:     16   Next: 57%
Magic:  1/32       EV: 13    Int: 11    God:    Qazlal [******]
Gold:   10         SH: 43    Dex: 11    Spells: 15/15 levels left

rFire   + + .      SeeInvis +    a - +6 morningstar "Ebolotsau" {speed, rN+ Stlth+}
rCold   + + .      Faith    +    c - +18 shield of the Gong {rElec rN+ Will+ EV-5}
rNeg    + + +      Spirit   .    b - +9 scales of the Dragon King {rPois rF+ rC+ Will+}
rPois   ∞          Reflect  .    F - +0 helmet {SInv}
rElec   +          Harm     .    (no cloak)
rCorr   .          Rampage  .    h - +0 pair of gloves {Str+3}
Will    +++..      Rage     3%   w - +3 pair of mountain boots {steadfast, rC+} Stlth NoTele +
                                 I - amulet of faith
HPRegen 0.39/turn                N - ring of the Hare {EV+10}
MPRegen 0.23/turn                u - ring of Punt {rF+ Str+6 Dex+2}

@: protected from physical damage, flying, slowed, glowing, studying 2 skills,
repel missiles, unable to read, very slow
A: sickness immunity, AC +12, big wings, negative energy resistance 1,
electricity resistance, torment resistance 1, petrification resistance, berserk
1, inability to read after injury 1
a: Renounce Religion, Upheaval, Elemental Force, Disaster Area


You were in the Dungeon.
You worshipped Qazlal.
Qazlal was exalted by your worship.
You visited 1 branch You collected 10 gold pieces.

Inventory:

Hand Weapons
 a - the +6 morningstar "Ebolotsau" (weapon) {speed, rN+ Stlth+}
   (You found it in the Dungeon)

   Attacks with this weapon are significantly faster.
   rN:        It protects you from negative energy.
   Stlth:     It makes you more stealthy.
 H - a +3 demon whip of electrocution
Missiles
 P - 4 throwing nets (quivered)
 S - 4 curare-tipped darts
Armour
 b - the +9 scales of the Dragon King (worn) {rPois rF+ rC+ Will+}
   (You found it in the Dungeon)

   rF:        It protects you from fire.
   rC:        It protects you from cold.
   rPois:     It protects you from poison.
   Will:      It increases your willpower.
 c - the +18 shield of the Gong (worn) {rElec rN+ Will+ EV-5}
   (You found it in the Dungeon)

   It is deafeningly noisy when blocking attacks.
   EV:        It affects your evasion (-5).
   rElec:     It insulates you from electricity.
   rN:        It protects you from negative energy.
   Will:      It increases your willpower.
 h - a +0 pair of gloves of strength (worn)
 w - the +3 pair of mountain boots (worn) {steadfast, rC+}
   (You found it in the Dungeon)

   It prevents involuntary movement, except for blinking, teleportation, or
   banishment.
   rC:        It protects you from cold.
 F - a +0 helmet of see invisible (worn)
Jewellery
 u - the ring of Punt (right hand) {rF+ Str+6 Dex+2}
   (You found it in the Dungeon)

   [ring of strength]

   Str:       It affects your strength (+6).
   Dex:       It affects your dexterity (+2).
   rF:        It protects you from fire.
 E - the amulet "Quichugg" {Rampage rPois Will+ Regen+ Slay+3}
   (You found it in the Dungeon)

   [amulet of regeneration]

   Slay:      It affects your accuracy & damage with ranged weapons and melee
   (+3).
   rPois:     It protects you from poison.
   Regen:     It increases your rate of health regeneration.
   Rampage:   It bestows one free step when moving towards enemies.
   Will:      It increases your willpower.
 I - an amulet of faith (around neck)
 L - the macabre finger necklace {rN+}
   (You found it in the Dungeon)

   [amulet of nothing]

   It enables you to equip an extra ring.
   rN:        It protects you from negative energy.
 N - the ring of the Hare (left hand) {EV+10}
   (You found it in the Dungeon)

   [ring of evasion]

   EV:        It affects your evasion (+10).
Wands
 x - a wand of digging (7)
 z - a wand of mindburst (2)
 A - a wand of iceblast (6)
 B - a wand of light (1)
 M - a wand of flame (11)
Scrolls
 j - 4 scrolls of blinking
 o - 4 scrolls of amnesia
 p - 6 scrolls of fog
 q - 2 scrolls of identify
 v - 3 scrolls of brand weapon
 C - 4 scrolls of enchant armour
 D - 4 scrolls of enchant weapon
Potions
 d - 6 potions of might
 e - 9 potions of curing
 f - 5 potions of heal wounds
 g - 6 potions of haste
 i - 3 potions of berserk rage
 k - 2 potions of brilliance
 l - 2 potions of invisibility
 m - 4 potions of resistance
 J - 7 potions of magic
 O - a potion of mutation
 Q - a potion of lignification
Miscellaneous
 s - a box of beasts
 t - a tin of tremorstones (2/2)
 G - a phantom mirror
 U - a condenser vane


   Skills:
 + Level 17.7 Fighting
 + Level 17.5 Maces & Flails
 + Level 20.3 Armour
 + Level 8.2 Stealth
 - Level 26.9 Shields
 * Level 25.3 Invocations
 - Level 6.7 Evocations


You had 15 spell levels left.
You didn't know any spells.
Your spell library contained the following spells:

 Spells                   Type           Power      Damage    Failure   Level
 Freeze                   Ice            0%         1d3       94%         1
 Kiss of Death            Conj/Necr      0%         2d5       94%         1
 Magic Dart               Conj           0%         1d3       94%         1
 Necrotise                Necr           0%         1d4       94%         1
 Shock                    Conj/Air       0%         1d3       94%         1
 Sting                    Tmut/Pois      0%         1d3       94%         1
 Summon Small Mammal      Summ           0%         N/A       94%         1
 Blink                    Tloc           0%         N/A       98%         2
 Call Imp                 Summ           0%         N/A       98%         2
 Momentum Strike          Conj/Tloc      0%         3d8       98%         2
 Poisonous Vapours        Pois/Air       0%         N/A       98%         2
 Static Discharge         Conj/Air       0%         2-2/arc   98%         2
 Confusing Touch          Hex            0%         N/A       100%        3
 Dazzling Flash           Conj/Hex       0%         N/A       100%        3
 Gell's Gravitas          Tloc           0%         N/A       100%        3
 Mephitic Cloud           Conj/Pois/Air  0%         N/A       100%        3
 Stone Arrow              Conj/Erth      0%         3d7       100%        3
 Swiftness                Air            0%         N/A       100%        3
 Teleport Other           Tloc           0%         N/A       100%        3
 Vampiric Draining        Necr           0%         2d6       100%        3
 Vhi's Electric Charge    Tloc/Air       0%         N/A       100%        3
 Airstrike                Air            0%         2d(0-16)  100%        4
 Anguish                  Hex/Necr       0%         N/A       100%        4
 Animate Armour           Summ/Erth      0%         N/A       100%        4
 Animate Dead             Necr           0%         N/A       100%        4
 Dispel Undead            Necr           0%         3d6       100%        4
 Iskenderun's Mystic Bla  Conj/Tloc      0%         2d3       100%        4
 Leda's Liquefaction      Hex/Erth       0%         N/A       100%        4
 Manifold Assault         Tloc           0%         N/A       100%        4
 Olgreb's Toxic Radiance  Pois           0%         N/A       100%        4
 Passage of Golubria      Tloc           0%         N/A       100%        4
 Sticky Flame             Conj/Fire      0%         2d3       100%        4
 Agony                    Necr           0%         N/A       100%        5
 Alistair's Intoxication  Tmut/Pois      0%         N/A       100%        5
 Arcjolt                  Conj/Air       0%         1d10      100%        5
 Borgnjor's Vile Clutch   Necr/Erth      0%         N/A       100%        5
 Fireball                 Conj/Fire      0%         3d3       100%        5
 Irradiate                Conj/Tmut      0%         3d11      100%        5
 Lee's Rapid Deconstruct  Erth           0%         3d4*      100%        5
 Lightning Bolt           Conj/Air       0%         1d11      100%        5
 Silence                  Hex/Air        0%         N/A       100%        5
 Summon Forest            Summ/Tloc      0%         N/A       100%        5
 Summon Mana Viper        Hex/Summ       0%         N/A       100%        5
 Yara's Violent Unravell  Hex/Tmut       0%         3d3       100%        5
 Conjure Ball Lightning   Conj/Air       0%         3x3d6     100%        6
 Death Channel            Necr           0%         N/A       100%        6
 Dispersal                Tloc           0%         N/A       100%        6
 Starburst                Conj/Fire      0%         6d3       100%        6
 Summon Cactus Giant      Summ           0%         N/A       100%        6
 Enfeeble                 Hex            0%         N/A       100%        7
 Haunt                    Necr/Summ      0%         N/A       100%        7
 Malign Gateway           Summ/Tloc      0%         N/A       100%        7
 Storm Form               Tmut/Air       0%         N/A       100%        7
 Discord                  Hex            0%         N/A       100%        8
 Disjunction              Tloc           0%         N/A       100%        8
 Infestation              Necr           0%         N/A       100%        8
 Lehudib's Crystal Spear  Conj/Erth      0%         10d2      100%        8
 Summon Horrible Things   Summ           0%         N/A       100%        8
 Chain Lightning          Conj/Air       0%         N/A       100%        9
 Cigotuvi's Dreadful Rot  Necr/Pois/Air  Unusable   N/A       N/A         2
 Statue Form              Tmut/Erth      Unusable   N/A       N/A         6

Dungeon Overview and Level Annotations

Branches:
Dungeon (1/1)

Altars:
Ashenzari
Cheibriados
Dithmenos
Elyvilon
Fedhas
Gozag
Hepliaklqana
Kikubaaqudgha
Makhleb
Nemelex Xobeh
Okawaru
Qazlal
Ru
Sif Muna
Trog
Uskayaw
Vehumet
Wu Jian
Xom
Yredelemnul
Zin
The Shining One
Jiyva
Lugonu


Innate Abilities, Weirdness & Mutations

You are immune to sickness and miasma.
Your stone body is resilient. (AC +12)
You are immune to poison.
Your large and strong wings let you fly.
You resist negative energy. (rN+)
You are resistant to electric shocks. (rElec)
You are resistant to unholy torment.
You are immune to petrification.
You sometimes lose your temper in combat.
You occasionally lose the ability to read scrolls when taking damage.


Message History

You feel much better.
The steelbarb worm is engulfed in blazing flames.
You block the steelbarb worm's attack.
PTOANNNG!
The demonic crawler hits you but does no damage.
You block the demonic crawler's attack.
BONNNG!
You block the demonic crawler's attack.
GONNNNG!
The radroach is engulfed in blazing flames.
You block the radroach's attack.
GONNNNG!
You block the radroach's attack.
PTOANNNG!
The demonic crawler is engulfed in blazing flames.
The demonic crawler barely misses you. You block the demonic crawler's attack.
GONNNNG!
The demonic crawler hits you!
* * * LOW HITPOINT WARNING * * *
The sun moth is engulfed in blazing flames.
The sun moth bites you but does no damage.
The jorogumo is engulfed in blazing flames.
The steelbarb worm is engulfed in blazing flames.
The steelbarb worm hits you but does no damage.
The demonic crawler closely misses you. You block the demonic crawler's attack.
GONNNNG!
The demonic crawler hits you but does no damage.
The radroach is engulfed in blazing flames.
The radroach bites you but does no damage.
The radroach claws you.
* * * LOW HITPOINT WARNING * * *
The sun moth is engulfed in blazing flames.
You block the sun moth's attack.
GONNNNG!
The demonic crawler is engulfed in blazing flames.
The demonic crawler hits you!
* * * LOW HITPOINT WARNING * * *
You feel protected from physical attacks.
The demonic crawler hits you!!
You die...

▓......†.
...§§§§§§§§§§..▓.....†).
.§§§§§§§§§§§§..▓......))
.§§§§§§)§§§§...▓..▓....)
.§§§§§§§§§§§...▓........
.....§§§°§§....▓........
.....§§§§§§....▓......©.
.....§wws†.....▓▓▓▓▓▓▓▓▓
▓.HB@y..▓ . ▓▓ys§§.▓▓ .
...▓..§§°○.▓...
...............
.......©.......
▓▓▓▓▓▓▓▓▓▓▓▓▓▓▓


You could see a jorogumo, a sun moth (berserk), a radroach (berserk), a
steelbarb worm (berserk), a torpor snail (berserk), 2 demonic crawlers and a
moth of wrath.

Vanquished Creatures
  A royal mummy (D)
  3 deep elf blademasters (D)
  A searing wretch (D)
  3 deep elf master archers (D)
  Gastronok (D)
  A shadow dragon (D)
  Kirke (D)
  2 rockslimes (D)
  4 fire giants (D)
  2 deep elf sorcerers (D)
  Louise (D)
  4 ghost moths (D)
  2 ghouls (D)
  2 balrugs (D)
  An orc warlord (D)
  2 deep elf annihilators (D)
  2 mummy priests (D)
  A great orb of eyes (D)
  3 deep elf high priests (D)
  4 salamander tyrants (D)
  An entropy weaver (D)
  A stoker (D)
  A merfolk aquamancer (D)
  3 dancing weapons (D)
  2 alligator snapping turtles (D)
  5 hell hogs (D)
  3 soul eaters (D)
  2 death scarabs (D)
  An orb spider (D)
  A spriggan druid (D)
  A sea snake (D)
  4 deep elf archers (D)
  2 harpies (D)
  4 deep elf pyromancers (D)
  An orc knight (D)
  7 deep elf zephyrmancers (D)
  A wolf spider (D)
  2 shining eyes (D)
  2 orc sorcerers (D)
  A manticore (D)
  3 moths of wrath (D)
  4 eyes of devastation (D)
  3 torpor snails (D)
  A hellion (D)
  A komodo dragon (D)
  2 guardian mummies (D)
  A meliai (D)
  A troll (D)
  8 merfolk (D)
  A tarantella (D)
  4 hornets (D)
  2 jumping spiders (D)
  A blink frog (shapeshifter) (D)
  Sigmund (D)
  13 slime creatures (D)
  2 spriggans (D)
  A fire elemental (D)
  A water elemental (D)
  Grum (D)
  A basilisk (D)
  2 redbacks (D)
  3 golden eyes (D)
  A warg (D)
  Duvessa (D)
  A water moccasin (D)
  2 floating eyes (D)
  A black bear (D)
  4 orc warriors (D)
  2 ogres (D)
  3 wolves (D)
  A bullfrog (D)
  Blork the orc (D)
  2 necrophages (D)
  An earth elemental (D)
  A wight (D)
  Dowan (D)
  10 jellies (D)
  Crazy Yiuf (D)
  Jessica (D)
  Ijyb (D)
  An iguana (D)
  6 mummies (D)
  5 adder skeletons (D)
  A spectral bat (D)
  A bat skeleton (D)
  A bat zombie (D)
  8 endoplasms (D)
  A jackal (D)
  3 ball python skeletons (D)
  A ball python zombie (D)
  A giant cockroach zombie (D)
  A quokka skeleton (D)
  A spectral jackal (D)
  A creeping inferno (D)
  4 fire vortices (D)
214 creatures vanquished.

Vanquished Creatures (collateral kills)
  A deep elf master archer (D)
  Frances (D)
  Polyphemus (D)
  A deep elf sorcerer (D)
  Azrael (D)
  4 deep elf annihilators (D)
  Harold (D)
  Erica (D)
  Sonja (D)
  A merfolk siren (D)
  Maurice (D)
  An eye of devastation (D)
  Prince Ribbit (D)
  A slime creature (D)
  A fire elemental (D)
  Menkaure (D)
  Terence (D)
20 creatures vanquished.

Vanquished Creatures (others)
  A hellion (D)
1 creature vanquished.

Grand Total: 235 creatures vanquished

Notes
Turn   | Place    | Note
-------+----------+-------------------------------------------
     0 | D        | mhtbhm the Gargoyle Fighter began the quest for the Orb.
     0 | D        | Reached XP level 1. HP: 14/14 MP: 1/1
     0 | D        | Found a shimmering blue altar of Sif Muna.
     0 | D        | Found a bloodstained altar of Trog.
     0 | D        | Found a sacrificial altar of Ru.
     0 | D        | Found a stormy altar of Qazlal.
     0 | D        | Found an iron altar of Okawaru.
     1 | D        | Found a sparkling altar of Nemelex Xobeh.
     1 | D        | Found a blossoming altar of Fedhas.
     1 | D        | Found the +6 Majin-Bo {vamp, MP+6 Int+6}
     1 | D        | Found the +27 heavy crossbow "Sniper" {heavy, Acc+∞ SInv}
     1 | D        | Found the +10 dark maul {heavy}
     1 | D        | Found the +15 Maxwell's patent armour {-Cast -Tele rElec
                  | Will+ rCorr}
     1 | D        | Found the +18 shield of the Gong {rElec rN+ Will+ EV-5}
     1 | D        | Found the +16 obsidian axe {drain, Mesm Drain Fly SInv}
     1 | D        | Found the +7 great mace "Firestarter" {inner flame, rF++}
     1 | D        | Found the +6 shillelagh "Devastator" {shatter}
     1 | D        | Found the +11 plutonium sword {Contam Stlth-}
     1 | D        | Found the +8 lance "Wyrmbane" {slay drac, rPois rF+ rC+
                  | AC+3}
     1 | D        | Found the +9 sword of Zonguldrok {reap}
     1 | D        | Found the +13 scythe of Curses {drain, Drain}
     1 | D        | Found the +9 sword of Power
     1 | D        | Found the +7 mace of Variability {chain chaos}
     1 | D        | Found the +11 Singing Sword {sonic wave}
     1 | D        | Found the +8 storm bow {elec, penet}
     3 | D        | Found a transporter.
     3 | D        | Found an ancient bone altar of Kikubaaqudgha.
     3 | D        | Found a viscous altar of Jiyva.
     3 | D        | Found a corrupted altar of Lugonu.
     3 | D        | Found a hazy altar of Hepliaklqana.
     3 | D        | Found a burning altar of Makhleb.
     3 | D        | Found an opulent altar of Gozag.
    55 | D        | Became a worshipper of Qazlal Stormbringer
   101 | D        | Entered arena 2.
   101 | D        | Noticed a necrophage
   101 | D        | Found a transporter.
   104 | D        | Killed a necrophage
   105 | D        | Reached skill level 5 in Fighting
   105 | D        | Reached skill level 5 in Armour
   105 | D        | Reached skill level 5 in Shields
   105 | D        | Reached XP level 2. HP: 22/22 MP: 2/2
   105 | D        | Reached XP level 3. HP: 27/27 MP: 3/3
   105 | D        | Reached XP level 4. HP: 32/32 MP: 4/4
   209 | D        | Entered arena 3.
   209 | D        | Noticed a merfolk
   209 | D        | Noticed a merfolk
   209 | D        | Noticed a merfolk
   209 | D        | Found a transporter.
   219 | D        | Killed a merfolk
   219 | D        | Reached * piety under Qazlal
   220 | D        | Reached skill level 8 in Shields
   220 | D        | Reached XP level 5. HP: 20/39 MP: 5/5
   220 | D        | Reached XP level 6. HP: 22/44 MP: 6/6
   220 | D        | Killed a merfolk
   221 | D        | Reached skill level 9 in Shields
   221 | D        | Reached XP level 7. HP: 26/51 MP: 7/7
   222 | D        | Killed a merfolk
   223 | D        | Reached skill level 5 in Maces & Flails
   223 | D        | Reached skill level 10 in Armour
   223 | D        | Reached skill level 10 in Shields
   325 | D        | Entered arena 4.
   325 | D        | Noticed a deep elf pyromancer
   325 | D        | Noticed an orc sorcerer
   325 | D        | Noticed a deep elf pyromancer
   325 | D        | Noticed a +1 short sword of draining
   325 | D        | Found a transporter.
   327 | D        | Killed a +1 short sword of draining
   327 | D        | Reached ** piety under Qazlal
   328 | D        | Reached skill level 10 in Fighting
   328 | D        | Reached skill level 11 in Shields
   328 | D        | Reached XP level 8. HP: 59/59 MP: 8/8
   331 | D        | Killed a deep elf pyromancer
   332 | D        | Reached skill level 12 in Shields
   332 | D        | Reached XP level 9. HP: 64/64 MP: 9/9
   334 | D        | Killed a deep elf pyromancer
   335 | D        | Reached skill level 13 in Shields
   335 | D        | Reached skill level 1 in Evocations
   335 | D        | Noticed an orange demon
   336 | D        | Noticed a soul eater
   337 | D        | Killed an orc sorcerer
   338 | D        | Reached skill level 1 in Stealth
   462 | D        | Entered arena 5.
   462 | D        | Noticed a merfolk
   462 | D        | Noticed a merfolk
   462 | D        | Noticed a merfolk
   462 | D        | Noticed a merfolk
   462 | D        | Found a transporter.
   470 | D        | Killed a merfolk
   470 | D        | Reached *** piety under Qazlal
   472 | D        | Killed a merfolk
   473 | D        | Reached skill level 14 in Shields
   479 | D        | Killed a merfolk
   487 | D        | Killed a merfolk
   488 | D        | Reached XP level 10. HP: 55/72 MP: 10/10
   490 | D        | Got the ring of Punt {rF+ Str+6 Dex+2}
   505 | D        | Entered arena 6.
   505 | D        | Found a transporter.
   506 | D        | Reached **** piety under Qazlal
   513 | D        | Reached ***** piety under Qazlal
   514 | D        | Reached skill level 15 in Shields
   522 | D        | Got the ring "Lerhedu" {Int+6 Dex+7 SInv}
   525 | D        | Entered arena 7.
   525 | D        | Found the +3 pair of mountain boots {steadfast, rC+}
   526 | D        | Found a transporter.
   549 | D        | Entered arena 8.
   549 | D        | Noticed Sigmund
   549 | D        | Noticed Jessica
   549 | D        | Noticed Blork the orc
   549 | D        | Noticed Crazy Yiuf
   549 | D        | Noticed Dowan
   549 | D        | Noticed Duvessa
   550 | D        | Found a transporter.
   552 | D        | Killed Dowan
   552 | D        | Killed Jessica
   553 | D        | Killed Blork the orc
   553 | D        | Killed Crazy Yiuf
   554 | D        | Killed Duvessa
   554 | D        | Reached ****** piety under Qazlal
   554 | D        | Killed Sigmund
   579 | D        | Entered arena 9.
   579 | D        | Noticed a spriggan druid
   582 | D        | Killed a spriggan druid
   583 | D        | Reached skill level 15 in Armour
   583 | D        | Reached skill level 16 in Shields
   584 | D        | Found a transporter.
   656 | D        | Entered arena 10.
   656 | D        | Noticed a torpor snail
   656 | D        | Noticed a torpor snail
   657 | D        | Found a transporter.
   663 | D        | Killed a torpor snail
   665 | D        | Killed a torpor snail
   666 | D        | Reached skill level 17 in Shields
   666 | D        | Reached XP level 11. HP: 74/78 MP: 11/11
   785 | D        | Entered arena 11.
   785 | D        | Noticed a shining eye
   786 | D        | Paralysed by a floating eye for 2 turns
   787 | D        | Gained mutation: You sometimes lose your temper in combat.
                  | [a shining eye]
   792 | D        | Reached skill level 10 in Maces & Flails
   793 | D        | Found a transporter.
   793 | D        | Killed a shining eye
   835 | D        | Got the ring "Nearagoe" {rPois rF+ Will+ Stlth-}
   852 | D        | Entered arena 12.
   852 | D        | Noticed a harpy
   852 | D        | Noticed a merfolk aquamancer
   852 | D        | Noticed a harpy
   852 | D        | Noticed an alligator snapping turtle
   852 | D        | Noticed a sea snake
   852 | D        | Noticed a manticore
   853 | D        | Noticed an alligator snapping turtle
   855 | D        | Found the +9 scales of the Dragon King {rPois rF+ rC+
                  | Will+}
   857 | D        | Found a transporter.
   869 | D        | Reached skill level 1 in Invocations
   871 | D        | Reached skill level 18 in Shields
   873 | D        | Killed a merfolk aquamancer
   874 | D        | Killed a harpy
   877 | D        | Killed an alligator snapping turtle
   878 | D        | Killed a manticore
   879 | D        | Killed a harpy
   880 | D        | Reached skill level 5 in Stealth
   880 | D        | Reached skill level 19 in Shields
   880 | D        | Reached skill level 5 in Invocations
   880 | D        | Killed a sea snake
   890 | D        | Killed an alligator snapping turtle
   955 | D        | Entered arena 13.
   955 | D        | Noticed an orc knight
   955 | D        | Noticed an orc warlord
   956 | D        | Noticed an orc sorcerer
   957 | D        | Found a transporter.
   964 | D        | Killed an orc knight
   965 | D        | Reached skill level 5 in Evocations
   965 | D        | Reached XP level 12. HP: 85/85 MP: 16/16
   965 | D        | Killed an orc warlord
   966 | D        | Reached skill level 20 in Shields
  1014 | D        | Got the Guidebook on Amassed Confrontation
  1045 | D        | Entered arena 14.
  1046 | D        | Noticed a great orb of eyes
  1048 | D        | Found a transporter.
  1051 | D        | Gained mutation: You occasionally lose the ability to read
                  | scrolls when taking damage. [a shining eye]
  1067 | D        | Killed a great orb of eyes
  1094 | D        | Entered arena 15.
  1094 | D        | Noticed a deep elf blademaster
  1094 | D        | Noticed a deep elf master archer
  1095 | D        | Noticed a deep elf high priest
  1099 | D        | Killed a deep elf master archer
  1100 | D        | Reached skill level 21 in Shields
  1102 | D        | Killed a deep elf blademaster
  1106 | D        | Killed a deep elf high priest
  1107 | D        | Reached skill level 15 in Fighting
  1107 | D        | Reached skill level 22 in Shields
  1107 | D        | Found a transporter.
  1116 | D        | Reached skill level 10 in Invocations
  1119 | D        | Reached XP level 13. HP: 66/92 MP: 20/20
  1199 | D        | Entered arena 16.
  1200 | D        | Noticed a royal mummy
  1200 | D        | Noticed a mummy priest
  1201 | D        | Noticed a mummy priest
  1201 | D        | Found the +3 greatsling "Punk" {acid, rCorr}
  1204 | D        | Found a transporter.
  1207 | D        | Killed a mummy priest
  1216 | D        | Killed a royal mummy
  1217 | D        | Reached skill level 23 in Shields
  1231 | D        | Killed a mummy priest
  1293 | D        | Got the Anthology of Malediction and Shifting
  1311 | D        | Entered arena 17.
  1313 | D        | Noticed a shadow dragon
  1313 | D        | Noticed a ghoul
  1314 | D        | Noticed a ghoul
  1314 | D        | Found the +4 robe of Augmentation {Str+4 Int+4 Dex+4}
  1341 | D        | Killed a ghoul
  1343 | D        | Killed a ghoul
  1350 | D        | Killed a shadow dragon
  1351 | D        | Reached skill level 24 in Shields
  1351 | D        | Found a transporter.
  1429 | D        | Got the amulet "Quichugg" {Rampage rPois Will+ Regen+
                  | Slay+3}
  1440 | D        | Got the ring "Katarant" {Wiz rF+ rCorr MP+9}
  1450 | D        | Entered arena 18.
  1562 | D        | Noticed Menkaure
  1562 | D        | Noticed Terence
  1562 | D        | Noticed Azrael
  1562 | D        | Noticed Sonja
  1562 | D        | Identified the +7 mace of Bloody Death {protect, Int+3}
  1562 | D        | Noticed Kirke
  1562 | D        | Noticed Harold
  1562 | D        | Noticed Gastronok
  1564 | D        | Noticed Prince Ribbit
  1564 | D        | Noticed Louise
  1564 | D        | Noticed Erica
  1565 | D        | Killed Sonja
  1565 | D        | Killed Terence
  1566 | D        | Noticed Ijyb
  1566 | D        | Noticed Frances
  1566 | D        | Noticed Polyphemus
  1566 | D        | Killed Menkaure
  1567 | D        | Found a transporter.
  1567 | D        | Noticed Maurice
  1567 | D        | Killed Prince Ribbit
  1568 | D        | Killed Maurice
  1569 | D        | Identified the +3 shortbow of Poejux {drain, Fly rF+ SInv}
  1569 | D        | Noticed Grum
  1569 | D        | Killed Kirke
  1570 | D        | Killed Azrael
  1570 | D        | Killed Harold
  1570 | D        | Killed Polyphemus
  1573 | D        | Killed Erica
  1574 | D        | Killed Frances
  1574 | D        | Killed Grum
  1575 | D        | Reached skill level 25 in Shields
  1580 | D        | Killed Ijyb
  1581 | D        | Killed Gastronok
  1582 | D        | Gained mutation: Your large and strong wings let you fly.
                  | [Gargoyle growth]
  1582 | D        | Reached XP level 14. HP: 54/100 MP: 19/24
  1583 | D        | Killed Louise
  1637 | D        | Got the Catalogue of the Gusty Iceberg
  1721 | D        | Entered arena 19.
  1723 | D        | Noticed a balrug
  1723 | D        | Noticed a fire giant
  1723 | D        | Noticed a fire giant
  1724 | D        | Noticed a fire giant
  1724 | D        | Noticed a balrug
  1724 | D        | Noticed a fire giant
  1725 | D        | Noticed a searing wretch
  1732 | D        | Killed a fire giant
  1732 | D        | Killed a balrug
  1732 | D        | Killed a fire giant
  1733 | D        | Reached skill level 15 in Invocations
  1735 | D        | Killed a fire giant
  1736 | D        | Reached skill level 15 in Maces & Flails
  1736 | D        | Reached skill level 26 in Shields
  1736 | D        | Killed a searing wretch
  1739 | D        | Killed a balrug
  1740 | D        | Found a transporter.
  1742 | D        | Killed a fire giant
  1812 | D        | Got the amulet of Fodole {Spirit *Slow +Inv rPois Slay+5}
  1822 | D        | Got the +6 morningstar "Ebolotsau" {speed, rN+ Stlth+}
  1829 | D        | Got the amulet of Epopil {Regen+ Str+2 Int+7}
  1880 | D        | Entered arena 20.
  1894 | D        | Noticed a rockslime
  1898 | D        | Noticed a rockslime
  1902 | D        | Killed a rockslime
  1903 | D        | Found the ring of the Hare {EV+10}
  1903 | D        | Found the macabre finger necklace {rN+}
  1925 | D        | Killed a rockslime
  1926 | D        | Found a transporter.
  1962 | D        | Entered arena 21.
  1972 | D        | Acquired a manual of Invocations
  1980 | D        | Noticed a deep elf annihilator
  1980 | D        | Noticed a deep elf master archer
  1981 | D        | Noticed a deep elf blademaster
  1981 | D        | Noticed a deep elf annihilator
  1981 | D        | Noticed a deep elf sorcerer
  1981 | D        | Noticed a deep elf master archer
  1982 | D        | Noticed a deep elf annihilator
  1982 | D        | Noticed a deep elf blademaster
  1982 | D        | Noticed a deep elf annihilator
  1982 | D        | Identified the +5 glaive of Fate {venom, rN+}
  1982 | D        | Noticed a deep elf sorcerer
  1982 | D        | Noticed a deep elf annihilator
  1982 | D        | Noticed a deep elf master archer
  1982 | D        | Identified the +1 longbow of Geaffas {heavy, rPois Will-
                  | Str+2 Dex+4}
  1984 | D        | Noticed a deep elf sorcerer
  1984 | D        | Noticed a deep elf annihilator
  1988 | D        | Killed a deep elf annihilator
  1988 | D        | Killed a deep elf sorcerer
  1989 | D        | Killed a deep elf master archer
  1989 | D        | Killed a deep elf sorcerer
  1989 | D        | Killed a deep elf annihilator
  1990 | D        | Reached XP level 15. HP: 55/107 MP: 10/29
  1990 | D        | Killed a deep elf master archer
  1993 | D        | Killed a deep elf sorcerer
  1994 | D        | Killed a deep elf blademaster
  1996 | D        | Killed a deep elf blademaster
  1997 | D        | Killed a deep elf master archer
  2054 | D        | Found a transporter.
  2066 | D        | Got the Essays on the Dead and the Blaze
  2072 | D        | Got the Papyrus of Sculpting
  2208 | D        | Reached XP level 16. HP: 112/112 MP: 31/31
  2209 | D        | Entered arena 22.
  2225 | D        | Slain by a demonic crawler

Illustrated notes

Levels and vault maps discovered:
D:        sprint_v [room_start, room_1, room_2, room_3, room_4, room_5, room_6,
          room_7, room_8, room_9, room_10, room_11, room_12, room_13, room_14,
          room_15, room_16, room_17, room_18, room_19, room_20, room_21,
          room_22, room_23, room_24, room_25, room_26, room_27]

Skill      XL: |  1  2  3  4  5  6  7  8  9 10 11 12 13 14 15 16 |
---------------+-------------------------------------------------+-----
Fighting       | 5 7 9 10 11 12 13 14 15 16 17 | 17.7
Armour         | 5 8 9 11 12 14 15 16 17 19 20 | 20.3
Shields        | 5 8 9 11 12 14 17 19 22 25 26 | 26.9
Maces & Flails | 3 4 5 6 7 9 11 12 14 16 17 | 17.5
Evocations     | 1 3 5 6 |  6.7
Stealth        | 1 2 5 6 8 |  8.2
Invocations    | 6 10 13 21 23 25 | 25.3

Action                   |  1- 3 |  4- 6 |  7- 9 | 10-12 | 13-15 | 16-18 || total
-------------------------+-------+-------+-------+-------+-------+-------++-------
Melee: Shillelagh        |     2 |     8 |    26 |    98 |   100 |       ||   234
       Morningstar       |       |       |       |       |    33 |     9 ||    42
Invok: Elemental Force   |       |       |       |     1 |     2 |       ||     3
       Disaster Area     |       |       |       |       |     7 |       ||     7
Evoke: Wand              |       |       |     3 |     9 |       |       ||    12
       Tin of tremorston |       |       |       |     7 |     4 |     1 ||    12
       Box of beasts     |       |       |       |     2 |     1 |       ||     3
       Condenser vane    |       |       |       |       |     2 |     1 ||     3
       Phantom mirror    |       |       |       |       |     1 |       ||     1
  Use: Potion            |       |     1 |       |     4 |     9 |     1 ||    15
       Scroll            |       |       |       |     2 |     5 |       ||     7
 Stab: Invisible         |       |       |     1 |     3 |       |       ||     4
       Paralysed         |       |       |       |       |     2 |       ||     2
Armor: Gold dragon scale |     1 |     6 |    11 |    81 |    93 |    34 ||   226
Dodge: Dodged            |       |     1 |     1 |     1 |    10 |    17 ||    30
Block: Kite shield       |     5 |    20 |    50 |   232 |   261 |    62 ||   630

Table legend: (Time is in decaauts)
 A = Elapsed time spent in this place.
 B = Non-inter-level travel time spent in this place.
 C = Inter-level travel time spent in this place.
 D = Time resting spent in this place.
 E = Time spent auto-exploring this place.
 F = Levels seen in this place.
 G = Mean time per level.
                   A        B        C        D        E       F      G
               +--------+--------+--------+--------+--------+-----+--------+
         Total |   2217 |   2217 |      0 |    870 |    111 |   1 | 2217.0 |
       Dungeon |   2217 |   2217 |      0 |    870 |    111 |   1 | 2217.0 |
               +--------+--------+--------+--------+--------+-----+--------+

Top non-repeatable levels by time:
       D: 2217 daAuts
